 Seeded DCSS version 0.30.1-9-gdf580d7c3d (webtiles) character file.

Game seed: 9106806156630997546 (custom seed)

53 Psyclone the Conjurer (level 3, -5/19 HPs)
             Began as a Deep Elf Conjurer on Oct 1, 2023.
             Slain by Natasha (7 damage)
             ... on level 3 of the Dungeon.
             The game lasted 00:02:50 (1855 turns).

Psyclone the Conjurer (Deep Elf Conjurer)           Turns: 1855, Time: 00:02:51

Health: -5/19      AC:  2    Str:  4    XL:     3   Next: 64%
Magic:  5/10       EV: 12    Int: 24    God:
Gold:   84         SH:  0    Dex: 13    Spells: 7/10 levels left

rFire   . . .        (no weapon)
rCold   . . .        (no shield)
rNeg    . . .        a - +0 robe
rPois   +            (no helmet)
rElec   .            (no cloak)
rCorr   .            (no gloves)
SInv    .            (no boots)
Will    .....        (no amulet)
Stlth   ++           i - ring of poison resistance
HPRegen 0.23/turn    (no ring)
MPRegen 0.12/turn

%: no passive effects
@: no status effects
A: no striking features
a: no special abilities


You were on level 3 of the Dungeon.
You visited 1 branch of the dungeon, and saw 3 of its levels.

You collected 84 gold pieces.

Inventory:

Armour
 a - a +0 robe (worn)
Jewellery
 i - a ring of poison resistance (left hand)
Scrolls
 c - a scroll of teleportation {unknown}
 d - a scroll of blinking {unknown}
 j - a scroll of noise {unknown}
 n - 2 scrolls of enchant armour {unknown}
 o - a scroll of poison {unknown}
Potions
 b - a potion of magic
 e - 4 potions of curing {unknown}
 f - a potion of berserk rage {unknown}
 g - 4 potions of brilliance {unknown}
 h - a potion of lignification {unknown}
 k - 2 potions of attraction {unknown}
 l - 2 potions of might {unknown}
 m - a potion of haste {unknown}


   Skills:
 - Level 2.4 Dodging
 - Level 2.4 Stealth
 + Level 4.4 Spellcasting
 + Level 5.2 Conjurations


You had 7 spell levels left.
You knew the following spells:

 Your Spells              Type           Power      Damage    Failure   Level
a - Magic Dart            Conj           100%       1d8       1%          1
b - Searing Ray           Conj           60%        2d6       1%          2

Your spell library contained the following spells:

 Spells                   Type           Power      Damage    Failure   Level
 Dazzling Flash           Conj/Hex       34%        N/A       10%         3
 Scorch                   Fire           10%        2d5       14%         2
 Flame Wave               Conj/Fire      17%        2d7       32%         4
 Fulminant Prism          Conj/Hex       8%         3d7       32%         4
 Iskenderun's Mystic Bla  Conj/Tloc      17%        2d5       32%         4
 Summon Cactus Giant      Summ           2%         N/A       100%        6


Dungeon Overview and Level Annotations

Branches:
Dungeon (3/15) Zot: 16145

Altars:
Qazlal

Shops:
D:1 =

Annotations:
D:2 1 runed translucent door
D:3 Natasha


Message History

You hit the fungus.
The fungus is lightly damaged.
You hit the fungus.
The fungus begins to die.
The fungus is lightly damaged.
You hit the fungus.
The fungus is lightly damaged.
A nearby fungus withers and dies.
Found three hammers.
Found a runed translucent door.
Assign waypoint to what number? (0-9) Waypoint 1 assigned to D:2.
(D) Dungeon
Where to? (* - list waypoints, Enter - D:2, ? - help)
There is a stone staircase leading down here.
You climb downwards.
There is a stone staircase leading up here.
Natasha is nearby!
Natasha hisses angrily.
Casting: Magic Dart (safe; 1% risk of failure)
Confirm with . or Enter, or press ? or * to list all spells.
Aiming: Searing Ray (safe; 1% risk of failure)
Press: ? - help, Shift-Dir - straight line, f - Natasha
Aim: Natasha (74% to hit)
The searing ray hits Natasha!
Natasha is heavily wounded. (Press . to maintain the ray.)
You now have 8/10 mp.
The searing ray hits Natasha.
Natasha is severely wounded.
Natasha casts a spell at you. The magic dart hits you!
You take 8 damage, and have 11/19 hp.
MASSIVE DAMAGE!!
You now have 7/10 mp.
The searing ray hits Natasha.
Natasha is almost dead.
Natasha claws you!
* * * LOW HITPOINT WARNING * * *
You take 9 damage, and have 2/19 hp.
MASSIVE DAMAGE!!
You now have 6/10 mp.
The searing ray misses Natasha.
You finish channelling your searing ray.
Natasha claws you!
You die...

## ## .#.
... #.# #.#
#
####<#.####.
#...........
#.#@##.###..
# #h# .# #.#
# #.# ...
... ...
##.##


You could see Natasha.

Vanquished Creatures
  Robin (D:2)
  A worm (D:2)
  A dart slug (D:2)
  3 ball pythons
  3 bats (D:1)
  2 endoplasms
  A giant cockroach (D:2)
  12 goblins
  3 jackals (D:2)
  5 kobolds
  2 frilled lizards (D:1)
  A rat (D:1)
35 creatures vanquished.

Notes
Turn   | Place    | Note
-------+----------+-------------------------------------------
     0 | D:1      | Psyclone the Deep Elf Conjurer began the quest for the Orb.
     0 | D:1      | Reached XP level 1. HP: 10/10 MP: 6/6
   330 | D:1      | Reached XP level 2. HP: 15/15 MP: 4/8
   366 | D:1      | Found Cetaas's Jewellery Emporium.
   720 | D:2      | Found a stormy altar of Qazlal.
  1261 | D:2      | Noticed Robin
  1277 | D:2      | Learned a level 2 spell: Searing Ray
  1292 | D:2      | Killed Robin
  1293 | D:2      | Reached skill level 5 in Conjurations
  1293 | D:2      | Reached XP level 3. HP: 15/19 MP: 0/10
  1828 | D:2      | Found a runed translucent door.
  1849 | D:3      | Noticed Natasha
  1855 | D:3      | Slain by Natasha

Illustrated notes

Levels and vault maps discovered:
D:1:      onia_arrival_mini_spirals, layout_loops_ring, serial_shops, shop
D:2:      layout_rooms, basic_altar, reono_crystal_passage, minmay_tetromino_l2,
          uniq_robin, uniq_jessica, uniq_crazy_yiuf_cottage
D:3:      layout_loops_ring, uniq_sigmund, uniq_natasha

Skill      XL: |  1  2 |
---------------+-------+-----
Spellcasting   | 4 |  4.4
Conjurations   | 5 |  5.2
Dodging        | |  2.4
Stealth        | |  2.4

Action                     || total
---------------------------++-------
  Melee: Unarmed           ||    13
   Cast: Magic Dart        ||    60
         Searing Ray       ||     4
 Armour: Robe              ||     4
  Dodge: Dodged            ||    13
